 Dungeon Crawl Stone Soup version 0.19.1 (webtiles) character file.

140 Krapule the Ruffian (level 5, -7/45 HPs)
             Began as a Naga Transmuter on Dec 14, 2016.
             Mangled by an orc priest
             ... wielding a +0 hand axe
              (8 damage)
             ... on level 3 of the Dungeon.
             The game lasted 00:08:01 (2146 turns).

Krapule the Ruffian (Naga Transmuter)               Turns: 2146, Time: 00:08:02

Health: -7/45      AC:  7    Str: 13    XL:     5   Next: 23%
Magic:  7/9        EV: 10    Int: 14    God:
Gold:   120        SH:  0    Dex: 11    Spells: 2 memorised, 6 levels left

rFire  . . .     SeeInvis +       - Unarmed
rCold  + . .     Gourm    .     p - +3 leather armour {rC+}
rNeg   . . .     Faith    .     (no shield)
rPois  +         Spirit   .     (no helmet)
rElec  .         Reflect  .     (no cloak)
rCorr  .         Harm     .     r - +0 pair of gloves
MR     .....                    (no barding)
Stlth  ++........               (no amulet)
                                (no ring)
                                (no ring)

@: flying, very slow
A: see invisible, deformed body, poison resistance, slowness 2, slow metabolism
1, spit poison 1, AC +1
a: Spit Poison


You were on level 3 of the Dungeon.
You were not hungry.

You visited 1 branch of the dungeon, and saw 3 of its levels.

You collected 120 gold pieces.

Inventory:

Missiles
 a - 40 arrows
Armour
 b - a +0 robe
 j - a +0 buckler
 p - a +3 leather armour of cold resistance (worn)
 r - a +0 pair of gloves (worn)
Scrolls
 e - 2 scrolls of blinking {unknown}
 i - 2 scrolls of recharging {unknown}
 m - 2 scrolls of amnesia {unknown}
 s - 3 scrolls of identify {unknown}
 t - a scroll of teleportation {unknown}
 u - a scroll of immolation {unknown}
 v - a scroll of enchant armour {unknown}
Potions
 g - 2 potions of flight
 h - a potion of magic {unknown}
 k - a potion of brilliance {unknown}
 n - a potion of cancellation {unknown}
 o - a potion of lignification {unknown}
 q - 2 potions of curing {unknown}
Books
 c - a book of Changes

   Spells                             Type                      Level
   a - Beastly Appendage              Transmutation                1
   b - Sticks to Snakes               Transmutation                2
   c - Spider Form                    Transmutation/Poison         3
   d - Ice Form                       Ice/Transmutation            4
   e - Blade Hands                    Transmutation                5
Comestibles
 d - a bread ration
 f - a slice of pizza
 l - a meat ration


   Skills:
 + Level 2.2 Fighting
 + Level 2.1 Dodging
 + Level 2.4 Stealth
 + Level 3.7 Unarmed Combat
 + Level 2.7 Spellcasting
 + Level 2.6 Transmutations


You had 6 spell levels left.
You knew the following spells:

 Your Spells              Type           Power        Failure   Level  Hunger
a - Beastly Appendage     Tmut           #.....       12%         1    #......
b - Sticks to Snakes      Tmut           #.......     17%         2    ###....


Dungeon Overview and Level Annotations

Branches:
Dungeon (3/15)

Altars:
Vehumet


Innate Abilities, Weirdness & Mutations

You cannot wear boots.
Your serpentine skin is tough. (AC +1)
You have supernaturally acute eyesight. (SInv)
Armour fits poorly on your strangely shaped body.
Your system is resistant to poisons. (rPois)
You cover ground very slowly.
You have a slow metabolism.
You can spit poison.


Message History

The orc priest is severely wounded.
The orc priest closely misses you.
The orc priest hits you with a hand axe.
* * * LOW HITPOINT WARNING * * *
You hit the orc priest. You headbutt the orc priest.
You kill the orc priest!
You have reached level 5!
It was a potion of flight.
You feel very buoyant.
You fly up into the air.
Your horns disappear.
The orc priest hits you but does no damage.
You hit the orc priest.
The orc priest is moderately wounded.
The orc priest hits you but does no damage.
Your magical contamination has completely faded away.
You hit the orc priest.
The orc priest is moderately wounded.
The orc priest hits you with a hand axe!
You die...

..##....# #
..oo....##.#
#.oo.......# ... #.#
.. #.# .. ####### #.#
.. #.....# #o# .#
####.....#####o### .#
#........##..@)..# .#
#.##.....#.......#
.###.##.....#.(##...#
.....########..#....#
###.## #..#.#..# #.#
#..#.#..#
#.#########.......#
#.#.......####.####
#.#.#####.####.#


You could see an orc priest and an orc.

Vanquished Creatures
  2 orc priests (D:3)
  2 adders
  4 dart slugs
  A leopard gecko (D:2)
  2 orcs (D:3)
  3 giant cockroaches
  6 goblins
  8 hobgoblins
  5 kobolds
  3 quokkas
  A ball python (D:3)
  4 bats
  4 frilled lizards (D:1)
  8 rats
53 creatures vanquished.

Notes
Turn   | Place    | Note
-------+----------+-------------------------------------------
     0 | D:1      | Krapule the Naga Transmuter began the quest for the Orb.
     0 | D:1      | Reached XP level 1. HP: 18/18 MP: 3/3
   130 | D:1      | Reached XP level 2. HP: 23/25 MP: 3/5
   452 | D:1      | Reached skill level 1 in Stealth
   635 | D:1      | Reached XP level 3. HP: 15/31 MP: 4/6
  1461 | D:2      | Learned a level 2 spell: Sticks to Snakes
  1782 | D:2      | Reached XP level 4. HP: 33/38 MP: 5/7
  2023 | D:3      | Found a radiant altar of Vehumet.
  2142 | D:3      | HP: 1/39 [orc priest/hand axe (4)]
  2143 | D:3      | Reached XP level 5. HP: 1/45 MP: 6/9
  2146 | D:3      | Mangled by an orc priest

Skill      XL: |  1  2  3  4 |
---------------+-------------+-----
Stealth        | 1 2 |  2.4
Dodging        | 2 |  2.1
Fighting       | 2 |  2.2
Unarmed Combat | |  3.7
Spellcasting   | |  2.7
Transmutations | |  2.6

Action                   |  1- 3 |  4- 6 || total
-------------------------+-------+-------++-------
Melee: Unarmed           |   143 |    65 ||   208
       Punch             |     1 |       ||     1
       Headbutt          |     6 |     9 ||    15
 Cast: Beastly Appendage |    12 |     5 ||    17
 Abil: Spit Poison       |     3 |       ||     3
  Use: Potion            |       |     1 ||     1
 Stab: Sleeping          |     3 |     3 ||     6
  Eat: Chunk             |     2 |     1 ||     3
Armor: Robe              |    26 |       ||    26
       Leather armour    |    17 |    22 ||    39
Dodge: Dodged            |    62 |    32 ||    94
